Map: Ulrena

Players

Cham - Winner!

  • Race: Zerg Zerg

Bly

  • Race: Zerg Zerg

Event: DreamHack Open Tours WCS Spring Championship

VOD

Have the link to the VOD?

Description

Time

  • Played on: May 14, 2016, 9:53 a.m.
  • Length: 11:59

All games in this series

Show
View Real Time Build Order
Export as new Build Order

Cham Zerg - Winner!

Build Orders: Pool First 

Get SALT Encoding   

  12  0:00  Drone  
  13  0:09  Drone  
  14  0:17  Overlord  
  14  0:35  Drone x3  
  17  0:45  Spawning Pool  
  17  0:49  Drone  
  17  1:23  Hatchery  
  16  1:32  Zergling x6  
  19  1:34  Queen  
  21  1:42  Spine Crawler  
  21  1:46  Zergling x2  
  21  1:57  Spine Crawler, Zergling x2  
  19  2:09  Zergling x2  
  19  2:10  Spine Crawler  
  18  2:16  Zergling x2  
  19  2:26  Zergling x2  
  20  2:36  Zergling x2  
  21  2:38  Queen  
  21  2:39  Zergling x2  
  24  2:47  Zergling x2  
  25  2:54  Queen  
  27  3:01  Overlord  
  27  3:10  Drone  
  28  3:13  Overlord  
  28  3:20  Drone  
  28  3:22  Drone  
  30  3:27  Drone  
  31  3:37  Zergling x2  
  31  3:38  Zergling x2  
  31  3:39  Zergling x2  
  31  3:40  Zergling x2  
  29  3:47  Zergling x2  
  30  3:56  Spine Crawler  
  30  3:58  Zergling x2  
  30  3:59  Zergling x2  
  29  4:08  Queen  
  31  4:18  Queen  
  31  4:23  Zergling x2  
  33  4:25  Zergling x2  
  33  4:30  Zergling x2  
  29  4:35  Zergling x2  
  30  4:44  Spine Crawler, Zergling x2  
  30  4:45  Zergling x2  
  29  4:56  Queen  
  31  5:07  Queen  
  31  5:29  Drone  
  31  5:32  Queen  
  34  5:42  Queen  
  36  5:52  Overlord  
  35  6:07  Queen  
  35  6:10  Zergling x2  
  38  6:13  Zergling x2  
  38  6:17  Zergling x2  
  38  6:18  Queen  
  40  6:21  Zergling x2  
  40  6:23  Zergling x2  
  44  6:28  Zergling x2  
  44  6:30  Zergling x2  
  46  6:34  Zergling x2  
  46  6:38  Zergling x2  
  48  6:43  Queen  
  47  6:49  Zergling x4  
  47  6:52  Zergling x2  
  50  6:54  Zergling x4  
  50  7:01  Zergling x4  
  50  7:06  Zergling x2  
  50  7:19  Zergling x4  
  51  7:25  Zergling x2  
  52  7:41  Overlord  
  52  7:48  Drone, Extractor  
  52  7:50  Overlord  
  52  7:57  Overlord  
  52  7:59  Queen x2  
  55  8:13  Drone  
  55  8:14  Drone x2  
  55  8:16  Drone x2  
  60  8:26  Drone  
  60  8:27  Drone  
  62  8:31  Overlord  
  62  8:38  Drone x2  
  64  8:48  Roach Warren  
  57  8:56  Drone x2  
  57  8:57  Drone  
  57  9:01  Extractor  
  59  9:14  Overlord  
  59  9:15  Drone  
  59  9:16  Overlord, Drone  
  61  9:26  Overlord  
  61  9:28  Roach x3  
  67  9:36  Roach  
  59  9:39  Spine Crawler, Roach  
  59  9:44  Roach  
  59  9:45  Roach  
  55  9:55  Roach  
  55  9:56  Roach  
  59  10:05  Roach x2  
  63  10:09  Drone x3  
  67  10:16  Roach, Drone  
  67  10:17  Roach  
  72  10:27  Roach x2  
  72  10:33  Roach  
  68  10:37  Roach  
  68  10:42  Roach, Zergling x2  
  73  10:43  Zergling x2  
  73  10:48  Roach, Zergling x2  
  77  10:50  Zergling x2  
  72  11:05  Hatchery  
  72  11:10  Roach  
  73  11:17  Roach  
  73  11:18  Roach, Zergling x4  
  75  11:23  Roach x2, Zergling x2  
  80  11:27  Roach  
  80  11:34  Roach  
  80  11:37  Roach  
  80  11:38  Roach  
  80  11:39  Zergling x2  
  87  11:40  Zergling x2  
Show
View Real Time Build Order
Export as new Build Order

Bly Zerg 

Build Orders: Pool First, Zergling Baneling 

Get SALT Encoding   

  12  0:00  Drone  
  13  0:10  Drone  
  14  0:14  Extractor  
  13  0:28  Spawning Pool  
  13  0:33  Drone  
  13  0:39  Drone  
  14  0:45  Extractor  
  14  0:51  Drone, Extractor  
  15  0:58  Overlord  
  15  1:17  Zergling x6  
  18  1:26  Queen  
  20  1:35  Metabolic Boost  
  20  1:40  Zergling x2  
  21  1:52  Baneling Nest, Zergling x2  
  21  1:58  Zergling x2  
  22  2:08  Zergling x2  
  21  2:17  Zergling x2  
  22  2:34  Overlord  
  22  2:37  Baneling x4  
  22  2:38  Baneling  
  22  2:42  Extractor  
  22  2:43  Zergling x2  
  23  2:51  Baneling  
  23  2:54  Zergling x6  
  26  3:03  Zergling x2  
  27  3:10  Zergling x6  
  27  3:11  Baneling  
  30  3:13  Baneling  
  30  3:16  Overlord  
  30  3:29  Baneling  
  24  3:45  Zergling x10  
  24  3:46  Baneling  
  29  3:50  Baneling  
  28  4:00  Zergling x2  
  26  4:06  Zergling x2  
  26  4:08  Baneling  
  27  4:13  Zergling x2  
  27  4:16  Zergling x6  
  31  4:18  Baneling  
  25  4:33  Zergling x2  
  25  4:37  Zergling x2  
  25  4:39  Baneling  
  25  4:41  Baneling  
  25  4:46  Zergling x6  
  26  4:53  Drone  
  26  4:56  Baneling  
  27  5:00  Drone  
  27  5:22  Hatchery  
  26  5:30  Drone x2  
  28  5:35  Baneling  
  28  5:36  Baneling x2  
  28  5:39  Zergling x4  
  28  5:42  Drone  
  31  5:57  Roach Warren  
  25  6:16  Overlord  
  25  6:17  Drone x2  
  27  6:36  Roach  
  27  6:37  Roach x3  
  34  6:51  Roach x2  
  37  6:56  Roach x2  
  38  7:05  Roach  
  38  7:07  Zergling x4  
  41  7:18  Zergling x6  
  44  7:23  Extractor  
  42  7:32  Ravager  
  42  7:33  Zergling x6  
  46  7:42  Zergling x4  
  47  7:47  Drone x2  
  47  7:49  Roach  
  51  7:56  Baneling x2  
  49  8:01  Overlord  
  47  8:18  Overlord  
  47  8:21  Ravager  
  47  8:23  Ravager  
  49  8:32  Overlord  
  50  8:34  Ravager  
  50  8:53  Ravager  
  50  8:54  Roach  
  53  8:57  Baneling  
  53  8:58  Zergling x6  
  53  9:11  Zergling x6  
  53  9:15  Ravager  
  57  9:25  Ravager  
  57  9:26  Zergling x2  
  44  9:49  Zergling x6  
  41  10:06  Roach  
  41  10:07  Roach  
  45  10:10  Ravager x2  
  47  10:15  Roach  
  44  10:30  Roach  
  44  10:31  Roach  
  47  10:50  Hatchery  
  47  10:56  Hatchery  
  42  11:08  Roach x4  
  33  11:19  Roach  
  33  11:20  Roach  
  32  11:31  Roach  
  34  11:35  Ravager  
  34  11:36  Roach x2  
  34  11:39  Ravager  
  28  11:51  Ravager  

Tags
 
Add a new tag
Caveats
  • Supply blocks, unpowered buildings, or Contaminate may cause inaccurate times.
  • Supply counts are checked every 10 seconds.